Map: Fracture LE

Players

Serral - Winner!

  • Race: Zerg Zerg
  • League: Master
  • Spawn Location: 5:00

lIIllllIIlll (INnoVation)

  • Race: Terran Terran
  • League: Master
  • Spawn Location: 11:00

Event: HomeStory Cup XVIII

VOD

Have the link to the VOD?

Description

Time

  • Played on: Nov. 25, 2018, 3:53 p.m.
  • Length: 11:48

All games in this series

Show
View Real Time Build Order
Export as new Build Order

Serral Zerg - Winner!

Build Orders: Hatch First 

Get SALT Encoding   

  12  0:00  Drone  
  13  0:12  Overlord  
  13  0:17  Drone  
  14  0:31  Drone x2  
  14  0:34  Drone  
  17  0:50  Hatchery  
  17  0:53  Drone  
  17  0:56  Drone  
  18  1:07  Extractor  
  17  1:11  Spawning Pool  
  17  1:14  Drone  
  17  1:17  Drone  
  18  1:28  Drone  
  19  1:39  Drone  
  20  1:50  Drone  
  21  2:01  Queen  
  21  2:02  Queen, Zergling x2  
  21  2:03  Zergling x2  
  27  2:13  Hatchery  
  27  2:14  Zergling x2  
  27  2:19  Overlord  
  27  2:22  Drone  
  28  2:33  Metabolic Boost  
  28  2:37  Drone x2  
  28  2:41  Spore Crawler  
  30  2:45  Queen  
  30  2:48  Drone x2  
  34  2:53  Drone  
  34  2:54  Drone  
  36  3:01  Overlord  
  36  3:04  Overlord  
  36  3:19  Drone x2  
  38  3:20  Drone x3  
  38  3:21  Queen  
  38  3:22  Drone  
  38  3:25  Drone  
  45  3:30  Queen  
  47  3:37  Zergling x2  
  47  3:40  Drone x3  
  51  3:42  Extractor  
  51  3:51  Overlord  
  51  3:52  Roach Warren, Zergling x2  
  51  3:53  Extractor  
  51  3:55  Drone x3  
  53  3:57  Drone  
  53  4:00  Overlord  
  54  4:04  Overlord  
  54  4:08  Overlord  
  54  4:17  Drone x2  
  54  4:18  Drone  
  54  4:22  Overlord  
  57  4:32  Roach x7  
  57  4:37  Spore Crawler  
  57  4:38  Spore Crawler  
  69  4:39  Spore Crawler  
  69  4:42  Drone x2  
  69  4:44  Drone  
  69  4:45  Drone  
  72  4:47  Zergling x2  
  72  4:52  Lair  
  73  4:53  Drone  
  73  4:55  Drone  
  73  4:56  Drone  
  76  5:00  Drone  
  76  5:01  Drone x2  
  76  5:05  Drone x3  
  76  5:06  Drone  
  83  5:10  Drone x2  
  84  5:15  Drone  
  84  5:16  Drone  
  84  5:19  Overlord  
  86  5:21  Drone x2  
  86  5:23  Drone  
  86  5:27  Extractor  
  87  5:29  Extractor  
  87  5:33  Overlord  
  87  5:34  Drone x4, Spore Crawler  
  89  5:41  Evolution Chamber  
  89  5:42  Evolution Chamber  
  87  5:43  Drone x4  
  87  5:44  Drone  
  87  5:47  Queen  
  94  5:51  Overlord  
  94  5:52  Overseer  
  94  5:53  Drone  
  94  5:54  Drone  
  94  5:56  Drone x3  
  99  5:57  Drone  
  99  6:01  Overlord  
  99  6:04  Drone x4  
  103  6:10  Drone x2  
  103  6:11  Glial Reconstitution  
  103  6:13  Zerg Missile Weapons Level 1, Zerg Ground Armor Level 1  
  103  6:16  Extractor x2  
  101  6:19  Overlord  
  101  6:29  Roach  
  101  6:30  Roach x2  
  106  6:35  Hatchery  
  106  6:38  Roach x5  
  112  6:43  Roach x4  
  120  6:49  Overlord  
  120  6:50  Overlord  
  120  6:59  Infestation Pit  
  120  7:00  Roach x3, Zergling x6  
  128  7:02  Baneling Nest  
  128  7:03  Overlord  
  128  7:04  Pneumatized Carapace  
  127  7:11  Roach x3, Zergling x4  
  135  7:16  Roach x3  
  135  7:21  Overlord  
  141  7:27  Overlord  
  140  7:39  Drone x3  
  140  7:40  Drone x5  
  140  7:44  Drone  
  149  7:45  Tunneling Claws  
  149  7:46  Burrow, Centrifical Hooks  
  149  7:47  Hive  
  149  7:48  Queen  
  151  7:52  Ravager x2  
  151  7:53  Extractor  
  151  7:57  Overlord x2  
  152  7:59  Zergling x12  
  152  8:02  Zergling x2  
  152  8:03  Zergling x4  
  161  8:07  Zergling x4  
  163  8:14  Zergling x4  
  163  8:19  Baneling x5  
  165  8:20  Baneling x3  
  165  8:21  Baneling x3  
  165  8:24  Drone  
  166  8:27  Zerg Ground Armor Level 2  
  166  8:28  Zergling x10, Zerg Melee Weapons Level 1  
  172  8:34  Zergling x12  
  172  8:37  Drone  
  172  8:39  Overlord  
  175  8:53  Zergling x18  
  172  8:58  Roach x5  
  164  9:05  Zergling x12  
  164  9:08  Zergling x12  
  161  9:18  Roach x3  
  164  9:25  Roach x6  
  164  9:29  Roach x5  
  169  9:34  Zergling x4  
  169  9:36  Roach x3  
  171  9:41  Viper x2, Ultralisk Cavern  
  171  9:42  Viper  
  171  9:43  Zergling x2  
  180  9:46  Zergling x8  
  180  9:47  Zergling x10  
  180  9:48  Roach x2  
  180  9:49  Baneling x14  
  180  9:52  Hatchery  
  184  9:54  Roach, Zergling x8  
  182  10:03  Zergling x8  
  186  10:10  Zergling x6  
  186  10:13  Zergling x12  
  193  10:23  Zergling x14  
  193  10:26  Roach x2, Baneling x13  
  200  10:33  Baneling x13  
  194  10:44  Zergling x24  
  194  10:47  Zergling x10  
  194  10:49  Roach x3  
  199  10:50  Baneling x14  
  199  11:04  Baneling x5  
  199  11:05  Baneling x9  
  198  11:12  Baneling x6  
  198  11:17  Zergling x26  
  180  11:26  Zergling x16  
Show
View Real Time Build Order
Export as new Build Order

lIIllllIIlll Terran 

Build Orders: Gas First Reaper Expand, Reaper Expand, Hellion Banshee 

Get SALT Encoding   

  12  0:00  SCV  
  13  0:12  SCV  
  14  0:17  Supply Depot  
  14  0:24  SCV  
  14  0:27  Refinery  
  15  0:38  SCV  
  16  0:44  Barracks  
  16  0:50  SCV  
  17  1:02  SCV  
  18  1:15  SCV  
  19  1:30  Orbital Command  
  19  1:31  Reaper  
  20  1:42  Command Center  
  20  1:52  Factory  
  20  1:57  SCV  
  21  2:05  Barracks Reactor  
  21  2:09  SCV  
  21  2:14  Supply Depot  
  22  2:15  Refinery  
  22  2:21  SCV  
  23  2:36  SCV  
  24  2:42  Starport  
  24  2:48  Hellion, SCV  
  24  2:49  Hellion  
  24  2:50  Marine  
  30  2:55  Orbital Command  
  30  3:00  SCV  
  31  3:11  Hellion x2  
  35  3:14  SCV  
  35  3:18  Viking  
  38  3:22  Barracks Tech Lab  
  38  3:27  SCV x2  
  40  3:34  Supply Depot  
  40  3:39  SCV x2  
  42  3:51  SCV x2, Barracks Tech Lab  
  42  3:54  Cloaking Field  
  44  3:55  Banshee  
  44  3:58  Supply Depot  
  44  4:00  Hellion x2  
  51  4:03  SCV  
  51  4:04  SCV  
  53  4:11  Stimpack  
  53  4:16  SCV  
  54  4:20  SCV  
  55  4:27  Command Center  
  55  4:28  SCV  
  56  4:32  SCV  
  56  4:38  Supply Depot, Banshee  
  57  4:39  Factory Reactor  
  57  4:41  SCV  
  57  4:44  SCV  
  62  4:49  Engineering Bay  
  62  4:50  Engineering Bay  
  62  4:58  Barracks  
  62  4:59  SCV x2  
  64  5:08  Barracks  
  62  5:15  SCV x2  
  62  5:17  Marine  
  62  5:20  Terran Infantry Weapons Level 1, Terran Infantry Armor Level 1  
  62  5:21  Refinery x2  
  61  5:27  SCV  
  61  5:28  SCV  
  63  5:30  Starport Reactor  
  63  5:35  Marine  
  63  5:40  Orbital Command, SCV x2  
  63  5:42  Siege Tank  
  69  5:47  Barracks  
  69  5:48  Marine, Barracks  
  69  5:49  Marine  
  71  5:52  SCV x2  
  73  6:04  SCV x2  
  75  6:08  Marine x5  
  80  6:11  Orbital Command  
  80  6:14  Siege Tank  
  80  6:16  SCV x2  
  80  6:18  Supply Depot x2  
  85  6:23  Combat Shield  
  85  6:26  Armory  
  85  6:37  Refinery  
  85  6:38  Barracks Reactor x2  
  85  6:39  SCV x3  
  88  6:43  Marine x2  
  88  6:44  Marine x3  
  88  6:46  Siege Tank  
  96  6:47  Supply Depot  
  96  6:49  Supply Depot  
  96  6:51  SCV x2  
  96  6:52  SCV  
  96  6:53  Medivac  
  101  6:56  Supply Depot  
  101  6:57  Refinery  
  101  7:08  Marine x2  
  101  7:09  Marauder, Medivac, SCV x2  
  101  7:10  Marine x2, SCV  
  101  7:13  Supply Depot  
  101  7:14  Supply Depot  
  112  7:18  Supply Depot  
  112  7:19  Terran Infantry Weapons Level 2  
  112  7:21  Terran Infantry Armor Level 2, SCV x2  
  114  7:24  SCV  
  114  7:27  Marine x4  
  114  7:28  Marine  
  120  7:30  Marauder  
  120  7:32  Siege Tank  
  120  7:34  SCV x2  
  127  7:39  Missile Turret  
  127  7:45  Medivac x2  
  127  7:46  Concussive Shells  
  127  7:50  Marine x6  
  137  7:52  Marauder, Marine  
  140  7:59  Supply Depot  
  140  8:04  Siege Tank  
  143  8:05  Factory  
  143  8:07  Marine  
  143  8:08  Marine x3  
  143  8:10  Marine x2  
  149  8:13  Supply Depot  
  149  8:16  Supply Depot  
  149  8:17  Terran Vehicle And Ship Armor Level 1  
  149  8:21  Supply Depot, Medivac  
  149  8:23  Medivac  
  153  8:29  Supply Depot  
  153  8:32  Marine  
  153  8:33  Marine x4, Marauder  
  160  8:35  Marine x2  
  160  8:39  Supply Depot  
  160  8:40  Siege Tank  
  165  8:44  Marine  
  160  8:50  Marine  
  160  8:54  Marauder  
  155  8:56  Marine x6  
  155  9:01  Marine  
  153  9:04  Medivac x2  
  153  9:06  SCV x3  
  153  9:08  Marine  
  148  9:14  Marine x2  
  148  9:15  Missile Turret, Marauder, Marine  
  148  9:16  Marine x3, Siege Tank  
  153  9:18  Factory Tech Lab  
  153  9:19  SCV x2  
  153  9:21  SCV  
  156  9:30  Marine x2  
  158  9:31  Marine  
  158  9:32  Marine  
  158  9:33  Marine  
  158  9:34  Marine  
  158  9:35  Medivac x2  
  158  9:37  Marauder  
  167  9:42  Siege Tank  
  167  9:43  Marine  
  168  9:48  Siege Tank  
  167  10:00  Missile Turret  
  167  10:01  Marine x2, Marauder  
  170  10:10  Medivac x2  
  170  10:11  Marine x2  
  170  10:12  Marine x3  
  179  10:15  Marine  
  179  10:23  Marauder  
  181  10:31  Marine x6  
  181  10:33  Siege Tank  
  181  10:34  Siege Tank  
  183  10:44  Marauder  
  176  10:50  Marine x4  
  176  10:52  Marine x2  
  176  10:56  Marine x2  
  161  10:59  Medivac  
  161  11:01  Medivac  
  165  11:05  Marauder  
  165  11:08  Marine x3  
  170  11:13  Siege Tank  
  142  11:28  Marine x8  
Tags
 
Add a new tag
Caveats
  • Supply blocks, unpowered buildings, or Contaminate may cause inaccurate times.
  • Supply counts are checked every 10 seconds.